[Event "Team 45 45 League T82"]
[Site "Internet Chess Club"]
[Date "2019.11.01"]
[Round "6"]
[White "OGO"]
[Black "Toalla"]
[Result "1-0"]
[WhiteElo "1222"]
[BlackElo "1194"]
[Opening "QGD: Tarrasch defense"]
[ECO "D32"]
[Time "13:04:00"]
[TimeControl "2700+45"]

1. d4 d5 2. c4 e6 3. Nc3 c5 4. dxc5 Bxc5 5. e3 Ne7 6. Nf3 O-O 7. Bd3 Nbc6 8. Qc2
g6 9. cxd5 exd5 10. O-O Nb4 11. Qd2 Nxd3 12. Qxd3 Bf5 13. Qe2 Re8 14. Rd1 Be6
15. a3 Qc8 16. b4 Bxb4 17. Na4 Ba5 18. Bd2 Qc2 19. Qb5 Bxd2 20. Rxd2 Qc6 21. Nd4
Qxb5 22. Nxb5 Rec8 23. Kf1 a6 24. Nd4 Rab8 25. Rc2 Rxc2 26. Nxc2 Rc8 27. Nd4 Nf5
28. Nf3 Rc2 29. g4 Nd6 30. h3 Nc4 31. Nd4 Rd2 32. Ke1 Rd3 33. Nc5 Rxa3 34. Rxa3
Nxa3 35. Nxb7 Nb5 36. Kd2 Kg7 37. Nb3 Kf6 38. f4 Na3 39. Kd3 Nc4 40. Kd4 h5 41.
gxh5 gxh5 42. N7c5 Bxh3 43. Kxd5 Nxe3+ 44. Ke4 Ng4 45. Nxa6 Nf2+ 46. Kf3 Nd3 47.
Nd4 Bf5 48. Nc7 h4 49. Nd5+ Kg6 50. Ne3 Bh3 51. Ne2 Ne1+ 52. Kf2 Nd3+ 53. Kf3 f5
54. Ng1 Ne1+ 55. Ke2 Ng2 56. Nxh3 Nxe3 57. Kxe3 Kh5 58. Kf3 Kg6 59. Ng5 Kh5 60.
Ne6 h3 61. Kg3 h2 62. Kxh2 Kg4 63. Kg2 Kh4 64. Kf3 Kh3 65. Ng7 Kh4 66. Nxf5+ Kh5
67. Ke4 Kg6 68. Ke5 Kf7 69. Nh6+ Kg6 70. f5+ Kg7 71. Ke6 Kf8 72. Kf6 Ke8 73. Kg7
Ke7 74. f6+ Ke8 75. f7+ {Black resigns} 1-0

[Event "Team 45 45 League T82"]
[Site "Internet Chess Club"]
[Date "2019.11.03"]
[Round "6"]
[White "olivermx"]
[Black "PsyMar"]
[Result "0-1"]
[WhiteElo "1294"]
[BlackElo "1071"]
[Opening "Ruy Lopez: Anderssen variation"]
[ECO "C77"]
[Time "08:04:59"]
[TimeControl "2700+45"]

1. e4 e5 2. Nf3 Nc6 3. Bb5 a6 4. Ba4 Nf6 5. d3 b5 6. Bb3 Bc5 7. c3 O-O 8. O-O d6
9. Re1 Na5 10. Bc2 Bb6 11. h3 Nh5 12. Nbd2 Nf4 13. Nf1 Bxh3 14. gxh3 Nxh3+ 15.
Kg2 Nxf2 16. Qe2 Ng4 17. Ng3 g6 18. d4 Kg7 19. Rh1 h5 20. Ng5 exd4 21. cxd4 Bxd4
22. Nf3 c5 23. Nh2 Nf6 24. Nf3 Qd7 25. Nxd4 cxd4 26. Bg5 Qg4 27. Bxf6+ Kxf6 28.
Qf2+ Ke5 29. Rad1 Nc6 30. Bb3 h4 31. Bd5 hxg3 32. Qxg3+ Qxg3+ 33. Kxg3 Ne7 34.
Bxa8 Rxa8 35. Kf3 Rc8 36. Rh7 Rf8 37. Rc1 d5 38. exd5 Nxd5 39. Rc5 d3 40. Rc1
Kd4 41. Rd1 g5 42. Rg7 Ne3 43. Rd2 g4+ 44. Kf2 f5 45. Rd7+ Nd5 46. Rxd5+ Kxd5
47. Rxd3+ Ke4 48. Re3+ Kd4 49. Ra3 Rf6 50. Ke2 Rh6 51. Rd3+ Ke4 52. Re3+ Kf4 53.
Rb3 Rh2+ 54. Kf1 g3 55. Rb4+ Kf3 56. Rb3+ Kg4 57. Rb4+ f4 58. Kg1 Rc2 59. a4 Kh3
60. Rxf4 Rc1+ 61. Rf1 Rxf1+ 62. Kxf1 Kh2 {White resigns} 0-1

[Event "Team 45 45 League T82"]
[Site "Internet Chess Club"]
[Date "2019.10.31"]
[Round "6"]
[White "liujf"]
[Black "Bumun"]
[Result "0-1"]
[WhiteElo "1527"]
[BlackElo "1614"]
[Opening "Scandinavian gambit"]
[ECO "B01"]
[Time "20:04:55"]
[TimeControl "2700+45"]

1. e4 d5 2. exd5 Nf6 3. c4 c6 4. dxc6 Nxc6 5. Nf3 e5 6. Nc3 e4 7. Ng5 Bf5 8. f3
exf3 9. Qxf3 Qd7 10. Be2 Bc5 11. Nge4 Nxe4 12. Nxe4 Nd4 13. Qd3 Bb6 14. Kd1 O-O
15. Bf3 Rad8 16. b3 Rfe8 17. Bb2 Qe6 18. Re1 Nxf3 19. Nf6+ Qxf6 20. Qxd8 {White
resigns} 0-1

[Event "Team 45 45 League T82"]
[Site "Internet Chess Club"]
[Date "2019.11.03"]
[Round "6"]
[White "BrerRabbit"]
[Black "dld6928"]
[Result "1-0"]
[WhiteElo "1368"]
[BlackElo "1256"]
[Opening "QGD: Tarrasch, Prague variation, Normal position"]
[ECO "E06"]
[Time "19:03:14"]
[TimeControl "2700+45"]

1. Nf3 e6 2. c4 d5 3. d4 Nf6 4. g3 Be7 5. Bg2 O-O 6. O-O c5 7. cxd5 exd5 8. Nc3
Nc6 9. e3 b6 10. Re1 Re8 11. a3 Bf5 12. Nh4 Qd7 13. Nxf5 Qxf5 14. Qf3 Qxf3 15.
Bxf3 Rad8 16. Ne2 Na5 17. Rb1 Nb3 18. Rd1 Nxc1 19. Rbxc1 c4 20. Nc3 a6 21. Nb1
b5 22. Nc3 b4 23. axb4 Bxb4 24. Ra1 Bxc3 25. bxc3 Ra8 26. Rdb1 a5 27. Rb5 a4 28.
Bxd5 Nxd5 29. Rxd5 a3 30. Rb5 Ra4 31. Kf1 a2 32. Ke2 Rea8 33. Kd2 Ra3 34. Rb4
Rb3 35. Kc2 Rxb4 36. cxb4 Ra3 37. Kb2 Rd3 38. Rxa2 Rd2+ 39. Kb1 Rxa2 40. Kxa2
Kf8 41. Kb2 Ke7 42. Kc3 Kd6 43. Kxc4 Kc6 44. b5+ {Black resigns} 1-0

[Event "Team 45 45 League T82"]
[Site "Internet Chess Club"]
[Date "2019.11.03"]
[Round "6"]
[White "Pawnchain"]
[Black "pagliaci"]
[Result "0-1"]
[WhiteElo "1353"]
[BlackElo "1255"]
[Opening "Queen's pawn: London system"]
[ECO "A45"]
[Time "19:01:49"]
[TimeControl "2700+45"]

1. d4 Nf6 2. Bf4 g6 3. Nc3 d5 4. e3 Bg7 5. h4 c5 6. Be2 Bf5 7. Nf3 Nc6 8. Ne5
O-O 9. h5 Nd7 10. hxg6 fxg6 11. dxc5 Ncxe5 12. Bxe5 {White resigns} 0-1

[Event "Team 45 45 League T82"]
[Site "Internet Chess Club"]
[Date "2019.10.31"]
[Round "6"]
[White "isaac13"]
[Black "jeffk"]
[Result "1-0"]
[WhiteElo "1170"]
[BlackElo "1091"]
[Opening "Old Indian defense"]
[ECO "A53"]
[Time "13:05:59"]
[TimeControl "2700+45"]

1. d4 d6 2. c4 Nf6 3. Nc3 e6 4. Nf3 Be7 5. e3 O-O 6. Bd3 c5 7. O-O Nc6 8. a3 a6
9. Qc2 b5 10. Ng5 g6 11. cxb5 axb5 12. Bxb5 Bd7 13. dxc5 dxc5 14. Rd1 Qc7 15. e4
Rad8 16. Bxc6 Bxc6 17. Rxd8 Rxd8 18. Nf3 Bd6 19. Bg5 Ng4 20. g3 f6 21. Qe2 fxg5
22. Nxg5 Bd7 23. Qxg4 Re8 24. f4 e5 25. f5 Qb7 26. Nxh7 Kxh7 27. Qxg6+ Kh8 28.
f6 Rg8 29. Qh6# {Black checkmated} 1-0

[Event "Team 45 45 League T82"]
[Site "Internet Chess Club"]
[Date "2019.11.04"]
[Round "6"]
[White "Hectormercado"]
[Black "KidRattler"]
[Result "1-0"]
[WhiteElo "1538"]
[BlackElo "1552"]
[Opening "Ruy Lopez: Schliemann defense"]
[ECO "C63"]
[Time "19:03:57"]
[TimeControl "2700+45"]

1. e4 e5 2. Nf3 Nc6 3. Bb5 f5 4. d3 d6 5. c3 fxe4 6. dxe4 Bg4 7. Be3 Nf6 8. Nbd2
Be7 9. h3 Bh5 10. O-O O-O 11. Qb3+ Bf7 12. Qc2 Be6 13. Ng5 Bd7 14. Bc4+ Kh8 15.
Nf7+ Rxf7 16. Bxf7 Qc8 17. Nf3 h6 18. Nh4 Bxh3 19. b4 g5 20. Nf5 Bxf5 21. exf5
Nd8 22. Bg6 Kg7 23. Kh2 Nf7 24. Bxf7 Kxf7 25. Rh1 Ng4+ 26. Kg1 Nxe3 27. fxe3 Bf8
28. f6 d5 29. Qh7+ Ke8 30. Rxh6 Bxh6 31. Qe7# {Black checkmated} 1-0

[Event "Team 45 45 League T82"]
[Site "Internet Chess Club"]
[Date "2019.11.03"]
[Round "6"]
[White "bardu"]
[Black "Balderdash"]
[Result "1-0"]
[WhiteElo "1372"]
[BlackElo "1291"]
[Opening "QGD: Marshall defense"]
[ECO "D06"]
[Time "09:23:42"]
[TimeControl "2700+45"]

1. d4 d5 2. c4 Nf6 3. Nc3 dxc4 4. e4 e6 5. Bxc4 Bb4 6. e5 Ne4 7. Qd3 Nc5 8. dxc5
Qe7 9. Ne2 Nc6 10. Bb5 O-O 11. Bxc6 bxc6 12. O-O a5 13. Ne4 Ba6 14. Qf3 Bxc5 15.
Nxc5 Qxc5 16. Be3 Qxe5 17. Rfd1 Qxb2 18. Ng3 Rad8 19. Nh5 Be2 20. Qg3 Bxh5 21.
Rdb1 Qc2 22. Bh6 g6 23. Bxf8 Kxf8 24. Qxc7 Qd2 25. Rb8 Rxb8 26. Qxb8+ Kg7 27.
Qe5+ Kg8 28. Rb1 f6 29. Qxf6 Qd6 30. h3 Be2 31. Rb7 Qd1+ 32. Kh2 Qd6+ 33. g3 Qf8
34. Qxe6+ Kh8 35. Qe5+ Kg8 36. Rb8 Qxb8 37. Qxb8+ Kg7 38. Qe5+ Kh6 39. Qxe2 a4
40. Qe3+ Kg7 41. Qd4+ Kh6 42. Qxa4 c5 43. Qc4 Kg7 44. Qxc5 Kh6 45. a4 g5 46. a5
Kh5 47. a6 h6 48. a7 Kg6 49. a8=Q Kf6 50. Qa6+ Kg7 51. Qc7+ Kh8 52. Qa8# {Black
checkmated} 1-0

[Event "Team 45 45 League T82"]
[Site "Internet Chess Club"]
[Date "2019.11.03"]
[Round "6"]
[White "Conjurer"]
[Black "howah45"]
[Result "0-1"]
[WhiteElo "1168"]
[BlackElo "1220"]
[Opening "Queen's pawn, Mason variation"]
[ECO "D00"]
[Time "13:04:08"]
[TimeControl "2700+45"]

1. d4 d5 2. Bf4 Bf5 3. Nf3 Nf6 4. h3 Bg6 5. e3 e6 6. c4 c5 7. Nc3 Nc6 8. Be2 Qb6
9. Nb5 O-O-O 10. Bc7 Qa6 11. Bxd8 Kxd8 12. O-O Be7 13. cxd5 exd5 14. Nc3 Qb6 15.
Qb3 Qxb3 16. axb3 Bc2 17. Bd1 Bd3 18. Ne2 cxd4 19. exd4 Bb4 20. Ng5 Ke7 21. f4
h6 22. Nf3 Ne4 23. Ne1 Bxe2 24. Bxe2 Nxd4 25. Bd1 Nd2 26. Rf2 Ne4 27. Rf1 Nd2
28. Rxa7 Rb8 29. Ra4 Nc6 30. Rf2 Ne4 31. Re2 b5 32. Ra6 Nd4 33. Ra7+ Kf8 34. Re3
Bc5 35. Rd7 Nf5 36. Rxd5 Bxe3+ 37. Kh1 Nfg3+ 38. Kh2 Nf1+ 39. Kh1 Nf2+ 40. Kg1
Ng3 41. Nd3 Nxd3+ 42. Kh2 Nb4 43. Re5 Bxf4 44. Re1 Nd3 {White resigns} 0-1